 Dungeon Crawl Stone Soup version 0.28.0-43-g3370ac3207 (webtiles) character file.

Game seed: 15623014126184262052

336 demenzo the Poker (level 6, -10/37 HPs)
             Began as a Tengu Gladiator on Mar 28, 2022.
             Mangled by Duvessa
             ... wielding a +0 short sword
              (12 damage)
             ... on level 4 of the Dungeon.
             The game lasted 00:04:23 (3182 turns).

demenzo the Poker (Tengu Gladiator)                 Turns: 3182, Time: 00:04:23

Health: -10/37     AC:  6    Str: 14 (17) XL:     6   Next: 54%
Magic:  7/7        EV: 12    Int:  6 (8)  God:
Gold:   143        SH:  3    Dex: 13 (15) Spells: 5/5 levels left

rFire   . . .      SeeInvis .   a - +0 trident
rCold   . . .      Faith    .   A - +0 buckler
rNeg    . . .      Spirit   .   w - +0 scale mail
rPois   .          Reflect  .   c - +0 hat
rElec   .          Harm     .   (no cloak)
rCorr   .          Rampage  .   (no gloves)
Will    .....                   (boots unavailable)
Stlth   ..........              (no amulet)
HPRegen 0.12/turn               (no ring)
MPRegen 0.10/turn               (no ring)

@: flying quickly and evasively, quick
A: beak, talons 3, nimble flight
a: no special abilities


You were on level 4 of the Dungeon.
You visited 1 branch of the dungeon, and saw 5 of its levels.

You collected 143 gold pieces.

Inventory:

Hand Weapons
 a - a +0 trident (weapon)
 k - a +1 short sword of draining
 y - a +0 hunting sling
Missiles
 d - 3 throwing nets (quivered)
 f - 31 sling bullets
 l - 103 stones
 m - 25 bolts
 v - 4 boomerangs
Armour
 b - a +0 leather armour
 c - a +0 hat (worn)
 e - a +0 ring mail
 w - a +0 scale mail (worn)
 A - a +0 buckler (worn)
Scrolls
 h - a scroll of silence {unknown}
 j - 3 scrolls of noise {unknown}
 q - a scroll of amnesia {unknown}
 s - 3 scrolls of identify {unknown}
 u - a scroll of blinking {unknown}
 x - 2 scrolls of fear {unknown}
 z - a scroll of summoning {unknown}
Potions
 g - a potion of brilliance {unknown}
 i - a potion of degeneration
 n - 2 potions of invisibility {unknown}
 o - a potion of ambrosia {unknown}
 p - a potion of mutation {unknown}
 r - a potion of haste {unknown}
 t - 2 potions of curing {unknown}


   Skills:
 + Level 3.5 Fighting
 * Level 5.7 Polearms
 - Level 2.0 Throwing
 + Level 1.3 Armour
 * Level 4.8 Dodging
 + Level 0.7 Shields


You had 5 spell levels left.
You didn't know any spells.
Your spell library contained the following spells:

 Spells                   Type           Power      Damage    Failure   Level
 Animate Skeleton         Necr           0%         N/A       96%         1
 Apportation              Tloc           0%         N/A       96%         1
 Summon Small Mammal      Summ           0%         N/A       96%         1


Dungeon Overview and Level Annotations

Branches:
Dungeon (5/15)
 Temple: D:4-7

Altars:

Annotations:
D:4 Duvessa
D:5 Blork the orc


Innate Abilities, Weirdness & Mutations

You have a beak for a mouth.
You have claws for feet.
Your magical nature lets you fly swiftly and evasively.


Message History

You start resting.
Duvessa, Sister of Dowan comes into view.
She is wielding a +0 short sword.
Duvessa shouts!
Duvessa goes berserk!
You fly upwards.
There is a stone staircase leading down here.
You start resting.
HP restored.
You fly downwards.
Level annotation: Duvessa Duvessa completely misses you.
Duvessa barely misses you.
There is a stone staircase leading up here.
You hit Duvessa. Your peck misses Duvessa.
Duvessa is lightly wounded.
Duvessa hits you but does no damage. Duvessa hits you with a +0 short sword!
You hit Duvessa but do no damage. You claw Duvessa, but do no damage.
Duvessa is lightly wounded.
Duvessa misses you.
You hit Duvessa. You claw Duvessa! You peck Duvessa.
Duvessa is moderately wounded.
Duvessa misses you. Duvessa hits you with a +0 short sword.
You hit Duvessa but do no damage. Your peck misses Duvessa.
Duvessa is moderately wounded.
Duvessa hits you with a +0 short sword!
* * * LOW HITPOINT WARNING * * *
You are too injured to fight recklessly!
Unknown command.
Found 4 gold pieces.
Duvessa misses you.
You see here a +0 whip.
Found 19 arrows.
Duvessa barely misses you. Duvessa hits you with a +0 short sword.
* * * LOW HITPOINT WARNING * * *
Duvessa hits you with a +0 short sword.
* * * LOW HITPOINT WARNING * * *
It was a potion of degeneration.
There was something very wrong with that liquid.
You feel weakened.
You feel dopey.
You feel clumsy. Duvessa hits you with a +0 short sword!
You die...

...........##.........
..#.#......#..........
.......#.....#.##.....
#...(.......#........
#...........#†#.#....
........##..)....... #
#$...##.#)#.##..#
#.##.......)<......#
#..@e).....#.#.....#
.................#.###..
.................#.# ..
.............#######
...............
................
............#...
...............


You could see Duvessa (berserk).

Vanquished Creatures
  Dowan (D:4)
  A centaur zombie (D:4)
  Natasha (thrice) (D:2)
  5 adders
  3 gnolls (D:4)
  An adder skeleton (D:4)
  3 worms
  5 dart slugs
  8 orcs
  6 ball pythons
  6 endoplasms
  14 giant cockroaches
  3 goblins
  4 hobgoblins
  3 jackals
  A quokka (D:1)
  5 bats
  2 frilled lizards
  6 kobolds
  5 rats
85 creatures vanquished.

Vanquished Creatures (others)
  2 toadstools (D:4)
2 creatures vanquished.

Grand Total: 87 creatures vanquished

Notes
Turn   | Place    | Note
-------+----------+-------------------------------------------
     0 | D:1      | demenzo the Tengu Gladiator began the quest for the Orb.
     0 | D:1      | Reached XP level 1. HP: 12/12 MP: 2/2
    89 | D:1      | Reached XP level 2. HP: 16/17 MP: 3/3
   629 | D:2      | Reached skill level 4 in Polearms
   629 | D:2      | Reached XP level 3. HP: 20/22 MP: 4/4
   821 | D:2      | Reached XP level 4. HP: 21/27 MP: 5/5
   936 | D:2      | Noticed Natasha
   940 | D:2      | Killed Natasha
  1211 | D:2      | Noticed Natasha
  1220 | D:2      | Killed Natasha
  1221 | D:2      | Reached skill level 5 in Polearms
  1221 | D:2      | Gained mutation: Your magical nature lets you fly swiftly
                  | and evasively. [Tengu growth]
  1221 | D:2      | Reached XP level 5. HP: 14/32 MP: 6/6
  1426 | D:2      | Noticed Natasha
  1431 | D:2      | Killed Natasha
  1458 | D:2      | Found a faded altar of an unknown god.
  2694 | D:4      | Reached XP level 6. HP: 28/37 MP: 7/7
  2834 | D:4      | Reached skill level 1 in Armour
  2897 | D:4      | Noticed Dowan
  2913 | D:5      | Entered Level 5 of the Dungeon
  2913 | D:5      | Noticed Blork the orc
  2961 | D:4      | Killed Dowan
  3113 | D:4      | Noticed Duvessa
  3182 | D:4      | Mangled by Duvessa

Illustrated notes

Levels and vault maps discovered:
D:1:      mrwooster_arrival_statue_2, layout_basic
D:2:      layout_rooms, hellmonk_ecumenical_altar_slurped_away,
          minmay_octomino_j4, uniq_natasha
D:3:      minmay_roachtagon, layout_basic
D:4:      layout_basic, gammafunk_ghost_smash, minmay_gold_behind_fungi,
          kennysheep_generic_room_5, uniq_duvessa
D:5:      layout_loops_ring, uniq_blork_the_orc, uniq_grinder

Skill      XL: |  1  2  3  4  5  6 |
---------------+-------------------+-----
Polearms       | 4 5 |  5.7
Dodging        | 4 |  4.8
Fighting       | 3 |  3.5
Armour         | 1 |  1.3
Throwing       | |  2.0
Shields        | |  0.7

Action                   |  1- 3 |  4- 6 || total
-------------------------+-------+-------++-------
Melee: Trident           |    68 |   166 ||   234
       Kick              |    10 |    39 ||    49
       Peck              |     4 |    18 ||    22
       Punch             |       |     1 ||     1
  Use: Potion            |       |     1 ||     1
Armor: Ring mail         |    15 |     9 ||    24
       Scale mail        |       |    13 ||    13
Dodge: Dodged            |    26 |    74 ||   100
Block: Buckler           |       |     7 ||     7
